 Dungeon Crawl Stone Soup version 0.26.0-91-g99b343417d (webtiles) character file.

Game seed: 8310643902103846940

64 PentaManta the Ruffian (level 3, -1/36 HPs)
             Began as a Troll Abyssal Knight on Feb 3, 2021.
             Was a Follower of Lugonu.
             Slain by a worm (11 damage)
             ... on level 2 of the Dungeon.
             The game lasted 00:01:33 (895 turns).

PentaManta the Ruffian (Troll Abyssal Knight)        Turns: 895, Time: 00:01:33

Health: -1/36      AC:  6    Str: 21    XL:     3   Next: 91%
Magic:  3/3        EV: 10    Int:  8    God:    Lugonu [*.....]
Gold:   34         SH:  0    Dex:  9    Spells: 2/2 levels left

rFire    . . .     SeeInvis .     - Unarmed
rCold    . . .     Faith    .   (no shield)
rNeg     . . .     Spirit   .   a - +0 robe
rPois    .         Reflect  .   (helmet restricted)
rElec    .         Harm     .   (no cloak)
rCorr    .         Rampage  .   (gloves unavailable)
Will     .....                  (boots unavailable)
Stlth    +.........             (no amulet)
HPRegen  0.52/turn              (no ring)
MPRegen  0.08/turn              (no ring)

@: no status effects
A: large, unfitting armour, claws 3, regeneration 1, shaggy fur 1, tough skin 3
a: Renounce Religion, Depart the Abyss


You were on level 2 of the Dungeon.
You worshipped Lugonu.
Lugonu was aware of your devotion.
You visited 1 branch of the dungeon, and saw 2 of its levels.
You visited the Abyss 1 time.

You collected 34 gold pieces.

Inventory:

Armour
 a - a +0 robe (worn)
Scrolls
 f - 3 scrolls of identify {unknown}
 h - a scroll of blinking {unknown}
 i - a scroll of enchant weapon {unknown}
 j - a scroll of magic mapping {unknown}
Potions
 b - a potion of heal wounds {unknown}
 c - a potion of resistance {unknown}
 d - a potion of attraction {unknown}
 e - a potion of curing {unknown}
 g - a potion of mutation {unknown}
 k - a potion of flight {unknown}


   Skills:
 - Level 2.4 Fighting
 - Level 1.9 Dodging
 + Level 4.3 Unarmed Combat
 - Level 1.5 Invocations


You had 2 spell levels left.
You didn't know any spells.
Your spell library was empty.

Dungeon Overview and Level Annotations

Branches:
Dungeon (2/15)

Altars:
Cheibriados
Xom


Innate Abilities, Weirdness & Mutations

You are too large for most types of armour.
You have claws for hands.
Your natural rate of healing is unusually fast.
You are covered in fur. (AC +1)
You have extremely tough skin. (AC +3)


Message History

The worm is moderately wounded.
The worm bites you!
You barely miss the worm.
The worm is moderately wounded.
You barely miss the worm.
The worm is moderately wounded.
The worm bites you!
You are too injured to fight recklessly!
You are too injured to fight recklessly!
You are too injured to fight recklessly!
You scratch the worm.
The worm is heavily wounded.
You scratch the worm.
The worm is severely wounded.
The worm bites you!
* * * LOW HITPOINT WARNING * * *
You scratch the worm.
The worm is severely wounded.
The worm bites you!
You die...

..# #.# #### #.# #.######## ###
#........# ..# ##+## #.######.#
#.# ##...## #.....##.# ####.#
##.....## #.###.##.#
##.##.###.......## #........#
##...#.##.....@...####...#.####
#.......'......w..+............
##...#.##.........####..†#.####
##.##.###.......## ##.#...#
########.# ##.....## #...#.#
#...####.# ##...## #.#...#
#........# ##+## #.#####
#...###### #.# #.# ##)##
#.#########.#


You could see a worm.

Vanquished Creatures
  Robin (D:2)
  An adder (D:2)
  A worm (D:2)
  2 dart slugs (D:1)
  11 goblins
  10 hobgoblins
  A kobold (D:1)
  2 bats (D:1)
  2 frilled lizards (D:1)
  3 rats (D:1)
34 creatures vanquished.

Notes
Turn   | Place    | Note
-------+----------+-------------------------------------------
     0 | Abyss:1  | PentaManta the Troll Abyssal Knight began the quest for the
                  | Orb.
     0 | Abyss:1  | Reached XP level 1. HP: 22/22 MP: 1/1
    53 | Abyss:1  | Noticed a raiju
    55 | Abyss:1  | Noticed a raiju
    56 | D:1      | Escaped the Abyss
   218 | D:1      | Reached * piety under Lugonu
   219 | D:1      | Reached XP level 2. HP: 14/29 MP: 2/2
   226 | D:1      | Reached skill level 3 in Unarmed Combat
   609 | D:2      | Noticed Robin
   617 | D:2      | Reached XP level 3. HP: 28/36 MP: 3/3
   646 | D:2      | Killed Robin
   647 | D:2      | Reached skill level 4 in Unarmed Combat
   692 | D:2      | Found a snail-covered altar of Cheibriados.
   732 | D:2      | Found a shimmering altar of Xom.
   895 | D:2      | Slain by a worm

Illustrated notes

Levels and vault maps discovered:
D:1:      evilmike_arrival_fibonacci_small, layout_rooms
D:2:      layout_loops_corners, nicolae_overflow_hidden_temple,
          general_overflow_altar, minivault_4, uniq_robin

Skill      XL: |  1  2  3 |
---------------+----------+-----
Unarmed Combat | 3 4 |  4.3
Fighting       | |  2.4
Dodging        | |  1.9
Invocations    | |  1.5

Action                   || total
-------------------------++-------
Melee: Unarmed           ||   109
       Punch             ||     1
Invok: Depart the Abyss  ||     1
Armor: Robe              ||    35
Dodge: Dodged            ||    47
